 Dungeon Crawl Stone Soup version 0.19.1-1-g22dce08 (webtiles) character file.

129 Oxelix the Cudgeler (level 4, -1/38 HPs)
             Began as a Draconian Berserker on Jan 3, 2017.
             Was a Believer of Trog.
             Killed from afar by an orc wizard (9 damage)
             ... with a magic dart
             ... on level 3 of the Dungeon.
             The game lasted 00:08:04 (1654 turns).

Oxelix the Cudgeler (Draconian Berserker)           Turns: 1654, Time: 00:08:05

Health: -1/38      AC:  5    Str: 21    XL:     4   Next: 88%
Magic:  4/4        EV: 12    Int:  7    God:    Trog [**....]
Gold:   106        SH:  0    Dex: 10    Spells: 0 memorised, 3 levels left

rFire  . . .     SeeInvis .     k - +0 whip
rCold  + . .     Gourm    .     (armour unavailable)
rNeg   . . .     Faith    .     (no shield)
rPois  .         Spirit   .     (helmet restricted)
rElec  .         Reflect  .     (no cloak)
rCorr  .         Harm     .     (no gloves)
MR     ++...                    (no boots)
Stlth  +.........               (no amulet)
                                (no ring)
                                (no ring)

@: exhausted, regenerating, slowed, very slow
A: unfitting armour, cold resistance 1, cold-blooded, AC +5
a: Berserk, Trog's Hand, Burn Spellbooks, Renounce Religion


You were on level 3 of the Dungeon.
You worshipped Trog.
Trog was pleased with you.
You were near starving.

You visited 1 branch of the dungeon, and saw 3 of its levels.

You collected 106 gold pieces.

Inventory:

Hand Weapons
 a - a +0 mace
 k - a +0 whip (weapon)
Scrolls
 c - a scroll of amnesia
 g - a scroll of identify
 l - a scroll of remove curse {unknown}
Potions
 e - a potion of degeneration {unknown}
Comestibles
 b - a bread ration
 d - a chunk of flesh
 f - a beef jerky
 h - a meat ration
 i - 12 fruits


   Skills:
 - Level 3.4 Fighting
 + Level 5.4 Maces & Flails
 - Level 3.0 Dodging


You had 3 spell levels left.
You didn't know any spells.

Dungeon Overview and Level Annotations

Branches:
Dungeon (3/15)

Altars:
Ashenzari


Innate Abilities, Weirdness & Mutations

Your plain brown scales are hard. (AC +5)
You cannot fit into any form of body armour.
You are cold-blooded and may be slowed by cold attacks.
Your flesh is cold resistant. (rC+)


Message History

* * * LOW HITPOINT WARNING * * *
The orc closely misses you.
You hit the orc.
You kill the orc!
Trog accepts your kill.
Something hits you but does no damage. x2
You closely miss something. Something hits you.
* * * LOW HITPOINT WARNING * * *
You miss something. Something hits you.
* * * LOW HITPOINT WARNING * * *
You barely miss something.
You feel the effects of Trog's Hand fading.
Something hits you but does no damage.
You hit something.
Your tail-slap misses something.
Something hits you.
* * * LOW HITPOINT WARNING * * *
You closely miss something. Something hits you but does no damage.
You hear some strange, mumbled words.
A magic dart appears from out of thin air!
The magic dart hits you!
You die...

....###...## #.
##.###....# #.
#..###.##.## ..
#...((.##..# #.
#...(.####.###
#.##............#
...##...............#
#.....{))...........#
..#####@)...........#
#......######.#
#......# #.## .
#.#.#### #..# . #...#
##.##. #####
#####..#. #...##.#.
########.#.##.#.
#..........##...


There were no monsters in sight!

Vanquished Creatures
  An orc priest (D:3)
  Terence (D:2)
  An adder (D:2)
  An ooze (D:1)
  A worm (D:1)
  3 leopard geckos
  2 orcs (D:3)
  3 goblins
  9 hobgoblins
  5 jackals
  10 kobolds
  A quokka (D:2)
  A ball python (D:2)
  7 bats
  2 frilled lizards (D:1)
  8 rats
56 creatures vanquished.

Notes
Turn   | Place    | Note
-------+----------+-------------------------------------------
     0 | D:1      | Oxelix the Draconian Berserker began the quest for the Orb.
     0 | D:1      | Reached XP level 1. HP: 19/19 MP: 1/1
   391 | D:1      | Reached XP level 2. HP: 24/26 MP: 2/2
   655 | D:1      | Reached XP level 3. HP: 26/31 MP: 3/3
   718 | D:1      | Reached skill level 4 in Maces & Flails
   726 | D:1      | Reached ** piety under Trog
  1203 | D:2      | Gained mutation: Your flesh is cold resistant. (rC+) [potion of beneficial mutation]
  1212 | D:2      | Noticed Terence
  1220 | D:2      | Killed Terence
  1220 | D:2      | Reached XP level 4. HP: 38/38 MP: 4/4
  1526 | D:2      | Reached skill level 5 in Maces & Flails
  1558 | D:3      | Found a faded altar of an unknown god.
  1611 | D:3      | Found a shattered altar of Ashenzari.
  1654 | D:3      | Killed from afar by an orc wizard

Skill      XL: |  1  2  3  4 |
---------------+-------------+-----
Dodging        | 3 |  3.0
Maces & Flails | 4 5 |  5.4
Fighting       | |  3.4

Action                   |  1- 3 |  4- 6 || total
-------------------------+-------+-------++-------
Melee: Mace              |   108 |    30 ||   138
       Tailslap          |    12 |     4 ||    16
       Whip              |       |    29 ||    29
Invok: Berserk           |     2 |     1 ||     3
       Trog's Hand       |       |     1 ||     1
  Use: Potion            |     3 |       ||     3
       Scroll            |       |     3 ||     3
  Eat: Chunk             |     2 |     2 ||     4
Armor: Skin              |    37 |    26 ||    63
Dodge: Dodged            |    71 |    35 ||   106
